 Dungeon Crawl Stone Soup version 0.24-a0-275-g6f7e2cb (webtiles) character file.

Game seed: 7683208891240242384

17363 TheOvate the Quickloader (level 12, -12/73 HPs)
             Began as a Kobold Hunter on Apr 27, 2019.
             Was a High Priest of Okawaru.
             Mangled by an ogre
             ... wielding a +0 giant club
              (21 damage)
             ... on level 13 of the Dungeon on Apr 28, 2019.
             The game lasted 01:55:06 (15536 turns).

TheOvate the Quickloader (Kobold Hunter)           Turns: 15536, Time: 01:55:08

Health: -12/73     AC: 17    Str: 25    XL:     12   Next: 81%
Magic:  3/6        EV: 21    Int: 17    God:    Okawaru [*****.]
Gold:   354        SH:  0    Dex: 16    Spells: 11/11 levels left

rFire    + . .     SeeInvis +   m - +8 hand axe of Disembowelment {flame, MP-9 Str+4 Int+4}
rCold    + . .     Gourm    .   (shield restricted)
rNeg     . . .     Faith    .   h - +3 leather armour
rPois    .         Spirit   .   v - +2 helmet
rElec    .         Reflect  .   t - scarf {rC+ rF+}
rCorr    .         Harm     .   (no gloves)
MR       .....                  e - +1 pair of boots
Stlth    ++........             w - amulet of rage
HPRegen  0.22/turn              l - ring of Icvohe {+Inv +Fly Str+5 Dex-2 SInv}
MPRegen  0.10/turn              y - +6 ring of protection

@: mighty, berserk cooldown, contaminated, slowed, glowing, invisible (but
backlit and visible), very slow
A: small, carnivore
a: Heroism, Finesse, Renounce Religion, Evoke Berserk Rage, Evoke Flight


You were on level 13 of the Dungeon.
You worshipped Okawaru.
Okawaru was extremely pleased with you.
You were full.

You visited 3 branches of the dungeon, and saw 14 of its levels.

You collected 536 gold pieces.
You spent 182 gold pieces at shops.

Inventory:

Hand Weapons
 a - a +6 hand crossbow
 m - the +8 hand axe of Disembowelment (weapon) {flame, MP-9 Str+4 Int+4}
   (You found it on level 10 of the Dungeon)

   It has been specially enchanted to burn those struck by it, causing extra
   injury to most foes and up to half again as much damage against particularly
   susceptible opponents.
   Big, fiery blades are also staple armaments of hydra-hunters.
   It affects your strength (+4).
   It affects your intelligence (+4).
   It affects your magic capacity (-9).
Missiles
 d - 12 bolts
 s - 4 throwing nets (quivered)
Armour
 b - a +2 ring mail of fire resistance
 e - a +1 pair of boots (worn)
 h - a +3 leather armour (worn)
 j - a scarf of cloud immunity
 t - a scarf of resistance (worn)
 v - a +2 helmet (worn)
Jewellery
 l - the ring of Icvohe (left hand) {+Inv +Fly Str+5 Dex-2 SInv}
   (You found it on level 10 of the Dungeon)

   [ring of flight]

   It affects your strength (+5).
   It affects your dexterity (-2).
   It lets you see invisible.
   It lets you turn invisible.
   It lets you fly.
 n - an uncursed ring of flight {unknown}
 q - an uncursed ring of stealth
 w - an amulet of rage (around neck)
 y - a +6 ring of protection (right hand)
 E - a cursed -2 ring of evasion {unknown}
 G - an uncursed ring of ice
Wands
 c - a wand of flame (14)
 i - a wand of polymorph (5)
 C - a wand of acid (13)
Scrolls
 p - 2 scrolls of remove curse
 F - a scroll of fear
Potions
 g - a potion of flight
 k - a potion of brilliance {unknown}
 o - a potion of berserk rage
 x - a potion of haste
 A - a potion of mutation
Comestibles
 f - 24 rations


   Skills:
 + Level 8.1 Fighting
   Level 5.2 Short Blades
 - Level 5.7(7.4) Axes
   Level 7.0(8.7) Polearms
   Level 5.6(7.5) Staves
 + Level 11.5 Crossbows
 - Level 9.2 Dodging
 - Level 7.4 Stealth
   Level 1.2 Shields
 - Level 4.5 Evocations


You had 11 spell levels left.
You didn't know any spells.
Your spell library contained the following spells:

 Spells                   Type           Power        Failure   Level  Hunger
 Sandblast                Erth           #.....       26%         1    ##.....
 Corpse Rot               Necr           N/A          38%         2    ###....
 Passwall                 Tmut/Erth      #.......     38%         2    ###....
 Sublimation of Blood     Necr           #.........   38%         2    ###....
 Stone Arrow              Conj/Erth      #.....       63%         3    ####...
 Petrify                  Tmut/Erth      #.......     95%         4    #####..
 Agony                    Necr           #.......     100%        5    ######.
 Bolt of Draining         Conj/Necr      #.........   100%        5    ######.
 Dispel Undead            Necr           #.......     100%        5    ######.
 Excruciating Wounds      Chrm/Necr      #.........   100%        5    ######.
 Lee's Rapid Deconstruct  Erth           #.........   100%        5    ######.


Dungeon Overview and Level Annotations

Branches:
Dungeon (11/15)            Temple (1/1) D:4            Lair (0/6) D:11
    Orc (1/2) D:9          Vaults (0/5) D:13

Altars:
Ashenzari
Cheibriados
Dithmenos
Elyvilon
Fedhas
Gozag
Hepliaklqana
Kikubaaqudgha
Makhleb
Nemelex Xobeh
Okawaru
Qazlal
Ru
Sif Muna
Trog
Vehumet
Wu Jian
Xom
Yredelemnul
Zin
The Shining One

Shops:
D:10 !

Annotations:
D:4 2 transporters, zard0z's ghost, amateur DrFE


Innate Abilities, Weirdness & Mutations

You are small and have problems with some larger weapons.
You are carnivorous and can eat meat at any time.


Message History

Things that are here:
a +0 shortbow; 25 arrows You feel a strong urge to attack something.
The centaur wields a +0 shortbow.
The centaur shoots an arrow.
The arrow closely misses you.
You see here an arrow.
You are no longer berserk.
You are exhausted.
You feel yourself slow down.
The centaur shoots an arrow.
The arrow hits you.
* * * LOW HITPOINT WARNING * * *
A bullfrog skeleton comes into view.
The centaur unwields a +0 shortbow.
The centaur completely misses you. x2
You slash the centaur! You burn the centaur.
You kill the centaur!
Okawaru accepts your kill.
The centaur wields a +0 shortbow.
The centaur shoots an arrow.
The arrow hits you.
* * * LOW HITPOINT WARNING * * *
The ogre hits you with a +0 giant club!!
You die...

#######
#...c∩# #
##)#$O# #.
#z#.#)#
##.#..#O##c.#
.......@)(#)#
##.#..#)#####
.....)..
..........
##.#..#.###
.......Z.
##.#..#.#
#.#. #.#


You could see a skeletal warrior, an ogre, a centaur and a bullfrog skeleton.

Vanquished Creatures
  Harold (D:9)
  Erica (D:10)
  Erolcha (D:9)
  A centaur warrior (D:13)
  A death yak (D:10)
  A deep elf knight (D:13)
  3 unseen horrors
  3 deep elf magi (D:13)
  A wolf spider (D:13)
  A komodo dragon (D:10)
  2 polar bears (D:10)
  3 trolls
  Grinder (D:4)
  3 hippogriffs
  A centaur simulacrum (D:10)
  A human (D:9)
  7 yaks
  Eustachio (D:4)
  A basilisk (D:10)
  2 hungry ghosts
  An acid dragon (D:10)
  Edmund (D:4)
  A water moccasin (D:10)
  An orc warrior (D:11)
  3 phantoms
  5 ice beasts
  A black bear (D:8)
  3 sky beasts
  4 ogres
  2 wolves (D:10)
  8 centaurs
  A crocodile (D:10)
  2 big kobolds
  Blork the orc (D:4)
  5 bullfrogs
  A gnoll sergeant (D:8)
  A water moccasin skeleton (D:8)
  3 scorpions
  8 killer bees
  A howler monkey (D:5)
  2 electric eels (D:10)
  A bullfrog zombie (D:5)
  8 crimson imps
  3 centaur zombies
  3 jellies (D:7)
  2 bullfrog skeletons
  13 orc priests
  3 hounds
  12 orc wizards
  2 centaur skeletons
  A gnoll shaman (D:7)
  10 worker ants
  Natasha (thrice) (D:2)
  2 iguanas
  2 hound zombies
  A howler monkey zombie (D:5)
  Robin (D:4)
  16 gnolls
  12 adders
  7 shadow imps
  A white imp (D:10)
  An ufetubus (D:10)
  3 adder zombies
  5 worms
  4 leopard geckos
  25 orcs
  15 bats
  9 giant cockroaches
  13 goblins
  11 hobgoblins
  14 jackals
  5 quokkas
  3 ball pythons (D:1)
  3 frilled lizards
  15 kobolds
  A quokka skeleton (D:4)
  3 rats
324 creatures vanquished.

Notes
Turn   | Place    | Note
-------+----------+-------------------------------------------
     0 | D:1      | TheOvate the Kobold Hunter began the quest for the Orb.
     0 | D:1      | Reached XP level 1. HP: 12/12 MP: 1/1
   301 | D:1      | Reached XP level 2. HP: 14/18 MP: 2/2
   392 | D:1      | Reached skill level 1 in Short Blades
   965 | D:2      | Reached XP level 3. HP: 20/22 MP: 3/3
  1142 | D:2      | Reached XP level 4. HP: 27/27 MP: 4/4
  1213 | D:2      | Noticed Natasha
  1237 | D:2      | Killed Natasha
  1237 | D:2      | Reached skill level 5 in Short Blades
  1237 | D:2      | Reached XP level 5. HP: 30/31 MP: 5/5
  1260 | D:2      | Noticed Natasha
  1266 | D:2      | Killed Natasha
  1266 | D:2      | Reached skill level 5 in Crossbows
  1749 | D:2      | Noticed Natasha
  1766 | D:2      | Killed Natasha
  1766 | D:2      | Reached skill level 6 in Crossbows
  1766 | D:2      | Reached XP level 6. HP: 36/36 MP: 6/6
  2128 | D:3      | Reached skill level 1 in Shields
  2738 | D:3      | Reached skill level 7 in Crossbows
  3070 | D:4      | Reached XP level 7. HP: 40/40 MP: 7/7
  3329 | D:4      | Noticed Eustachio
  3463 | D:4      | Reached skill level 5 in Dodging
  3585 | D:4      | Found a transporter.
  3586 | D:4      | Noticed zard0z's ghost (amateur DrFE)
  3591 | D:4      | Noticed Blork the orc
  3670 | D:4      | Noticed Robin
  3672 | D:4      | Killed Blork the orc
  3688 | D:4      | Killed Robin
  3762 | D:4      | Found a transporter.
  3800 | D:4      | Noticed Grinder
  3816 | D:4      | Killed Grinder
  3816 | D:4      | Reached XP level 8. HP: 29/45 MP: 8/8
  3900 | D:4      | Killed Eustachio
  3978 | D:4      | Found a staircase to the Ecumenical Temple.
  4004 | Temple   | Entered the Ecumenical Temple
  4039 | Temple   | Became a worshipper of Warmaster Okawaru
  4085 | D:4      | Got a pitted quarterstaff
  4086 | D:4      | Identified the cursed +1 quarterstaff "Lorem Ipsum" {vamp,
                  | rC+ MP+9 Int+4 Stlth+} (You found it on level 4 of the
                  | Dungeon)
  4362 | D:5      | Entered Level 5 of the Dungeon
  4488 | D:5      | Found a burning altar of Makhleb.
  4566 | D:5      | Found a radiant altar of Vehumet.
  4579 | D:5      | Noticed Edmund
  4658 | D:5      | Reached skill level 1 in Staves
  4907 | D:4      | Killed Edmund
  5042 | D:4      | Reached XP level 9. HP: 31/49 MP: 9/9
  6155 | D:6      | Reached skill level 5 in Staves
  6907 | D:7      | Reached * piety under Okawaru
  7129 | D:7      | Reached skill level 5 in Stealth
  7806 | D:7      | Found a deep blue altar of Sif Muna.
  8195 | D:8      | Reached ** piety under Okawaru
  8383 | D:8      | Reached XP level 10. HP: 35/57 MP: 10/10
  8618 | D:8      | Reached skill level 5 in Fighting
  9165 | D:8      | Reached skill level 1 in Polearms
  9659 | D:9      | Noticed Erolcha
  9666 | D:9      | Killed Erolcha
  9666 | D:9      | Reached *** piety under Okawaru
  9666 | D:9      | Reached skill level 1 in Evocations
  9915 | D:9      | Found a staircase to the Orcish Mines.
  9961 | D:9      | Found a sparkling altar of Nemelex Xobeh.
  9976 | D:9      | Reached **** piety under Okawaru
 10055 | D:9      | Reached XP level 11. HP: 67/67 MP: 12/12
 10126 | D:8      | Reached skill level 5 in Polearms
 10529 | D:10     | Entered Level 10 of the Dungeon
 10572 | D:10     | Found Beuxaryc's Distillery.
 10577 | D:10     | Noticed Erica
 10702 | D:10     | Noticed Harold
 10864 | D:9      | Killed Harold
 10864 | D:9      | Reached ***** piety under Okawaru
 11202 | D:10     | Killed Erica
 11202 | D:10     | Received a gift from Okawaru
 11635 | D:10     | Bought a potion of curing for 42 gold pieces
 11635 | D:10     | Bought a potion of curing for 42 gold pieces
 11635 | D:10     | Bought a potion of curing for 42 gold pieces
 11635 | D:10     | Bought a potion of might for 56 gold pieces
 11724 | D:10     | Received a gift from Okawaru
 11725 | D:10     | Got a faintly glowing helmet {god gift}
 11740 | D:10     | Identified the +1 helmet of the Catamount {rC- Str+9}
                  | (Okawaru gifted it to you on level 10 of the Dungeon)
 11804 | D:10     | Killed an unseen horror
 11976 | D:10     | Got a bloodstained hand axe
 12031 | D:10     | Identified the +8 hand axe of Disembowelment {flame, MP-9
                  | Str+4 Int+4} (You found it on level 10 of the Dungeon)
 12058 | D:10     | Reached skill level 1 in Axes
 12085 | D:10     | Reached skill level 8 in Crossbows
 12346 | D:10     | Got a pitted copper ring
 12347 | D:10     | Identified the ring of Icvohe {+Inv +Fly Str+5 Dex-2 SInv}
                  | (You found it on level 10 of the Dungeon)
 12905 | D:11     | Found a staircase to the Lair.
 12906 | D:11     | Noticed a death yak
 12915 | D:11     | Noticed an unseen horror
 12917 | D:11     | Noticed an unseen horror
 13122 | Orc:1    | Entered Level 1 of the Orcish Mines
 13128 | Orc:1    | Reached XP level 12. HP: 73/73 MP: 6/15
 13131 | Orc:1    | Noticed an orc high priest
 13729 | D:10     | Killed a death yak
 14001 | D:10     | Reached skill level 5 in Axes
 14172 | D:10     | Killed an unseen horror
 14330 | D:10     | Reached skill level 9 in Crossbows
 14575 | D:11     | Noticed a two-headed ogre
 14656 | D:10     | Received a gift from Okawaru
 14718 | D:11     | Killed an unseen horror
 15088 | D:11     | Reached skill level 10 in Crossbows
 15466 | D:11     | You fall through a shaft for 2 floors!
 15466 | D:13     | Found a gate to the Vaults.
 15467 | D:13     | Noticed a deep elf knight
 15479 | D:13     | Killed a deep elf knight
 15504 | D:13     | Reached skill level 11 in Crossbows
 15510 | D:13     | Noticed a two-headed ogre
 15512 | D:13     | a two-headed ogre changed into a wolf spider
 15516 | D:13     | Noticed a centaur warrior
 15517 | D:13     | Noticed a skeletal warrior
 15531 | D:13     | Killed a centaur warrior
 15536 | D:13     | Mangled by an ogre

Levels and vault maps discovered:
D:1:      wander_arrival_peaceful_grave, layout_basic,
          hangedman_abyss_or_decor_stabs, minmay_misc_feat_x
D:2:      layout_loops_cross, uniq_natasha
D:3:      layout_basic, grunt_ministairs_4
D:4:      layout_loops_ring, temple_fountains, gammafunk_ghost_mausoleum,
          grunt_tough_drop, uniq_grinder, uniq_robin, uniq_eustachio,
          uniq_blork_the_orc
D:5:      layout_basic, basic_altar, first_ration, bloody_makhleb, uniq_edmund
D:6:      layout_cave_pools
D:7:      layout_loops_corners, lemuel_crystal_altar, kennysheep_generic_room_4
D:8:      layout_rooms
D:9:      layout_rooms, orc_0_dummy, basic_altar, grunt_pizzeria,
          minmay_variable_closet, uniq_erolcha
D:10:     layout_big_octagon, serial_ice, serial_ice_f, serial_ice_m,
          serial_ice_o, serial_ice_c, serial_ice_l, serial_ice_b, serial_ice_a,
          serial_ice_d, serial_shops, shop, kennysheep_nondescript, uniq_erica,
          uniq_harold
D:11:     layout_cave_pools, david_lair_generic, serial_park_tiny_2
D:13:     layout_basic, hangedman_vaults_entry_quadrant_bands
Temple:   grunt_wide_crystal_templ
Orc:1:    layout_caves, hangedman_minor_magic

Skill      XL: |  1  2  3  4  5  6  7  8  9 10 11 12 |
---------------+-------------------------------------+-----
Short Blades   | 2 3 5 |  5.2
Crossbows      | 6 7 8 11 | 11.5
Shields        | 1 |  1.2
Dodging        | 3 7 8 9 |  9.2
Staves         | 3 5 |  5.6
Fighting       | 4 7 8 |  8.1
Stealth        | 7 |  7.4
Polearms       | 4 7 |  7.0
Evocations     | 2 4 |  4.5
Axes           | 4 5 |  5.7

Action                   |  1- 3 |  4- 6 |  7- 9 | 10-12 || total
-------------------------+-------+-------+-------+-------++-------
Melee: Short sword       |    48 |    93 |   103 |       ||   244
       Quarterstaff      |       |       |   379 |   101 ||   480
       Spear             |       |       |       |   418 ||   418
       Hand axe          |       |       |       |   244 ||   244
       Punch             |       |       |       |     1 ||     1
 Fire: Hand crossbow     |    34 |    99 |   104 |   129 ||   366
Invok: Heroism           |       |       |       |     5 ||     5
 Abil: Evoke Berserk Rag |       |       |       |     6 ||     6
       Evoke Invisibilit |       |       |       |     6 ||     6
Evoke: Wand              |       |       |       |     4 ||     4
  Use: Potion            |       |     5 |     5 |    19 ||    29
       Scroll            |       |     2 |    24 |    16 ||    42
 Stab: Sleeping          |     1 |     9 |    10 |     8 ||    28
       Fleeing           |       |       |     1 |       ||     1
       Distracted        |       |       |       |     1 ||     1
       Invisible         |       |       |       |    13 ||    13
  Eat: Chunk             |     9 |     6 |    38 |    41 ||    94
       Ration            |       |       |       |     1 ||     1
Armor: Leather armour    |    29 |    23 |   156 |   198 ||   406
       Skin              |       |    39 |    13 |       ||    52
Dodge: Dodged            |    61 |    64 |   503 |   825 ||  1453
Block: Shield            |       |    31 |       |       ||    31

Table legend:
 A = Non-vault XP
 B = Vault XP
 C = Vault XP percentage of total XP
 D = Non-vault monster count
 E = Vault monster count
 F = Vault count percentage of total count
                 A         B        C        D         E       F
            +---------+---------+-------+---------+---------+-------
      Total |   13313 |   11492 |  46.3 |     276 |      48 |  14.8
            +---------+---------+-------+---------+---------+-------
        D:1 |      27 |       0 |   0.0 |      17 |       0 |   0.0
        D:2 |     290 |      35 |  10.8 |      29 |       1 |   3.3
        D:3 |     152 |       1 |   0.7 |      31 |       1 |   3.1
        D:4 |     484 |     729 |  60.1 |      21 |      16 |  43.2
        D:5 |     652 |       0 |   0.0 |      19 |       0 |   0.0
        D:6 |     357 |       0 |   0.0 |      15 |       0 |   0.0
        D:7 |     916 |     117 |  11.3 |      31 |       2 |   6.1
        D:8 |    2249 |       0 |   0.0 |      37 |       0 |   0.0
        D:9 |    1558 |    2146 |  57.9 |      21 |       3 |  12.5
       D:10 |    4556 |    4014 |  46.8 |      32 |      16 |  33.3
       D:11 |    1771 |     250 |  12.4 |      22 |       1 |   4.3
       D:13 |       0 |    4200 | 100.0 |       0 |       8 | 100.0
      Orc:1 |     301 |       0 |   0.0 |       1 |       0 |   0.0
            +---------+---------+-------+---------+---------+-------
